 Dungeon Crawl Stone Soup version 0.28-a0-691-gad6df49e81 (webtiles) character file.

Game seed: 9908901401605032427

447 KoroneIsBestGirl the Skirmisher (level 7, 0/56 HPs)
             Began as a Barachi Fighter on Oct 21, 2021.
             Slain by Prince Ribbit (3 damage)
             ... on level 5 of the Dungeon.
             The game lasted 00:04:37 (4453 turns).

KoroneIsBestGirl the Skirmisher (Barachi Fighter)   Turns: 4453, Time: 00:04:38

Health: 0/56       AC:  7    Str: 19    XL:     7   Next: 3%
Magic:  7/7        EV:  9    Int:  8    God:
Gold:   189        SH:  5    Dex: 12    Spells: 6/6 levels left

rFire   . . .      SeeInvis .   m - +3 rapier (distort)
rCold   . . .      Faith    .   c - +0 buckler
rNeg    . . .      Spirit   .   b - +0 scale mail
rPois   .          Reflect  .   (no helmet)
rElec   .          Harm     .   (no cloak)
rCorr   .          Rampage  .   (no gloves)
Will    .....                   (no boots)
Stlth   ..........              (no amulet)
HPRegen 0.18/turn               (no ring)
MPRegen 0.10/turn               (no ring)

@: mighty, slow
A: amphibious, slowness 1, strong legs 1, +LOS
a: Hop


You were on level 5 of the Dungeon.
You visited 1 branch of the dungeon, and saw 5 of its levels.

You collected 189 gold pieces.

Inventory:

Hand Weapons
 m - a +3 rapier of distortion (weapon)
Missiles
 o - a throwing net
Armour
 b - a +0 scale mail (worn)
 c - a +0 buckler (worn)
Magical Staves
 q - a staff of conjuration
Wands
 r - a wand of iceblast (8)
Scrolls
 a - a scroll of fear {unknown}
 g - 3 scrolls of teleportation {unknown}
 h - a scroll of torment {unknown}
 i - a scroll of summoning {unknown}
 n - 3 scrolls of identify {unknown}
 p - a scroll of amnesia {unknown}
 s - a scroll of holy word {unknown}
Potions
 d - a potion of might
 e - a potion of ambrosia {unknown}
 f - 2 potions of resistance {unknown}
 j - a potion of brilliance {unknown}
 k - a potion of attraction {unknown}
 l - 4 potions of mutation {unknown}


   Skills:
 + Level 5.6 Fighting
 + Level 4.7 Long Blades
 + Level 5.5 Armour
 + Level 5.1 Shields


You had 6 spell levels left.
You didn't know any spells.
Your spell library was empty.

Dungeon Overview and Level Annotations

Branches:
Dungeon (5/15)
 Temple: D:4-7

Altars:
Dithmenos
Elyvilon
Nemelex Xobeh
Ru
Xom

Shops:
D:4 !   D:5 (

Annotations:
D:5 Prince Ribbit


Innate Abilities, Weirdness & Mutations

You are amphibious.
You cover ground slowly.
You can hop short distances.
You have an extended range of vision and can be seen from far away.


Message History

You barely miss the hound.
The hound is lightly wounded.
The hound barely misses you. Prince Ribbit hits you!
The hound bites you but does no damage.
You hit the hound but do no damage.
The hound is devoured by a tear in reality.
Prince Ribbit hits you! You block Prince Ribbit's attack.
You have reached level 7!
Okay, then.
You are too injured to fight recklessly!
You are too injured to fight recklessly!
You closely miss Prince Ribbit. Prince Ribbit barely misses you.
You hit Prince Ribbit.
Prince Ribbit is lightly wounded.
Prince Ribbit blinks!
You feel very mighty all of a sudden.
You puncture Prince Ribbit!
Prince Ribbit is heavily wounded.
Prince Ribbit blinks!
Prince Ribbit hits you!
* * * LOW HITPOINT WARNING * * *
You completely miss Prince Ribbit.
Prince Ribbit is heavily wounded.
You block Prince Ribbit's attack. Prince Ribbit barely misses you.
You barely miss Prince Ribbit.
Prince Ribbit is heavily wounded.
Prince Ribbit hits you but does no damage.
You closely miss Prince Ribbit.
Prince Ribbit is heavily wounded.
Prince Ribbit hits you.
* * * LOW HITPOINT WARNING * * *
You block Prince Ribbit's attack.
You puncture Prince Ribbit!
Prince Ribbit is almost dead.
Prince Ribbit hits you!
* * * LOW HITPOINT WARNING * * *
You closely miss Prince Ribbit.
Prince Ribbit is almost dead.
Prince Ribbit hits you.
You die...

##### ##....# ##
....... #.#
.......##.## .
[.........####.(
#.........$....
#............#
#....F......#
#...@......#
###...##.###
########(## ##
####.#...#...##
##.###.............#
#..................#
#..........#......###
#..........#........#
##................###


You could see Prince Ribbit.

Vanquished Creatures
  A hound (D:4)
  2 orc wizards
  Jessica (D:2)
  2 adders
  7 gnolls
  2 dart slugs
  7 orcs
  4 endoplasms
  6 goblins
  4 hobgoblins
  11 kobolds
  A quokka (D:1)
  2 ball pythons (D:1)
  A bat (D:1)
  3 frilled lizards
  4 rats
58 creatures vanquished.

Vanquished Creatures (others)
  An orc wizard (D:4)
1 creature vanquished.

Grand Total: 59 creatures vanquished

Notes
Turn   | Place    | Note
-------+----------+-------------------------------------------
     0 | D:1      | KoroneIsBestGirl the Barachi Fighter began the quest for
                  | the Orb.
     0 | D:1      | Reached XP level 1. HP: 18/18 MP: 1/1
   152 | D:1      | Reached XP level 2. HP: 24/25 MP: 2/2
   858 | D:2      | Reached XP level 3. HP: 22/30 MP: 3/3
  1123 | D:2      | Noticed Jessica
  1129 | D:2      | Killed Jessica
  1130 | D:2      | Reached XP level 4. HP: 38/38 MP: 4/4
  1229 | D:2      | Found a sacrificial altar of Ru.
  1692 | D:3      | Found a white marble altar of Elyvilon.
  1785 | D:3      | Found a shadowy altar of Dithmenos.
  1998 | D:4      | Reached XP level 5. HP: 21/43 MP: 5/5
  2978 | D:4      | Noticed a black bear
  2988 | D:4      | Banished a black bear
  2989 | D:4      | Reached skill level 5 in Fighting
  2989 | D:4      | Reached skill level 5 in Armour
  2989 | D:4      | Reached XP level 6. HP: 31/51 MP: 6/6
  3259 | D:4      | Found Anuakh's Distillery.
  3273 | D:4      | Found a shimmering altar of Xom.
  3734 | D:5      | Entered Level 5 of the Dungeon
  3734 | D:5      | Found Ref Heuw's Antique Weapon Boutique.
  3734 | D:5      | Found a sparkling altar of Nemelex Xobeh.
  3742 | D:5      | Noticed a +0 spear
  3742 | D:5      | Noticed a +0 short sword
  3742 | D:5      | Noticed a +0 spear
  3742 | D:5      | Noticed a +0 dagger
  3742 | D:5      | Noticed a +0 short sword
  3743 | D:5      | Noticed a +0 falchion
  3744 | D:5      | Noticed a +0 dagger
  3745 | D:5      | Noticed a +0 falchion
  3779 | D:5      | Noticed an ice beast
  4335 | D:5      | Reached skill level 5 in Shields
  4436 | D:5      | Noticed Prince Ribbit
  4444 | D:5      | Reached XP level 7. HP: 26/56 MP: 7/7
  4453 | D:5      | Slain by Prince Ribbit

Illustrated notes

Levels and vault maps discovered:
D:1:      dpeg_arrival_rooms_b, layout_loops_ring
D:2:      layout_rooms, basic_altar, uniq_jessica
D:3:      layout_basic, mainiacjoe_overflow_alcove_4, elyvilon_altar_3
D:4:      layout_cave_pods, nicolae_overflow_crystal_walls, serial_shops, shop
D:5:      minmay_bubble_buster, layout_cave_pools,
          mainiacjoe_overflow_tiny_flanked, nicolae_uskayaw_en_pointe,
          serial_shops, nicolae_stop_n_shop_1, uniq_prince_ribbit1

Skill      XL: |  1  2  3  4  5  6 |
---------------+-------------------+-----
Fighting       | 4 5 |  5.6
Armour         | 4 5 |  5.5
Long Blades    | 3 4 |  4.7
Shields        | 4 5 |  5.1

Action                   |  1- 3 |  4- 6 |  7- 9 || total
-------------------------+-------+-------+-------++-------
Melee: Long sword        |    29 |       |       ||    29
       Short sword       |    37 |       |       ||    37
       Rapier            |     8 |   109 |     8 ||   125
 Abil: Hop               |       |     1 |       ||     1
  Use: Potion            |       |       |     1 ||     1
Armor: Scale mail        |    35 |    65 |     1 ||   101
Dodge: Dodged            |    34 |    50 |     2 ||    86
Block: Buckler           |    12 |    33 |     2 ||    47

Table legend: (Time is in decaauts)
 A = Elapsed time spent in this place.
 B = Non-inter-level travel time spent in this place.
 C = Inter-level travel time spent in this place.
 D = Time resting spent in this place.
 E = Time spent auto-exploring this place.
 F = Levels seen in this place.
 G = Mean time per level.
                   A        B        C        D        E       F      G
               +--------+--------+--------+--------+--------+-----+--------+
         Total |   4929 |   4726 |    203 |   1054 |   3033 |   5 |  985.8 |
       Dungeon |   4929 |   4726 |    203 |   1054 |   3033 |   5 |  985.8 |
               +--------+--------+--------+--------+--------+-----+--------+

Top non-repeatable levels by time:
     D:4: 1843 daAuts
     D:3: 1201 daAuts
     D:1: 953 daAuts
     D:2: 699 daAuts
     D:5: 232 daAuts
